 Dungeon Crawl Stone Soup version 0.22-a0-351-g29664b4 (webtiles) character file.

5117 Amnesiac the Quickloader (level 10, -1/53 HPs)
             Began as a Spriggan Berserker on Apr 12, 2018.
             Was an Elder of Okawaru.
             Slain by a polar bear (19 damage)
             ... created by the rage of Trog
             ... on level 7 of the Dungeon.
             The game lasted 00:16:56 (10022 turns).

Amnesiac the Quickloader (Spriggan Berserker)      Turns: 10022, Time: 00:16:57

Health: -1/53      AC:  9    Str: 16    XL:     10   Next: 32%
Magic:  11/11      EV: 26    Int:  9    God:    Okawaru [****..]
Gold:   147        SH:  0    Dex: 16    Spells: 9/9 levels left

rFire    + . .     SeeInvis +   a - +4 hand crossbow (velocity)
rCold    + . .     Gourm    .   (shield restricted)
rNeg     . . .     Faith    .   B - +2 robe {rC+ rF+}
rPois    .         Spirit   .   k - +2 hat {MR+}
rElec    .         Reflect  .   i - +2 cloak
rCorr    +         Harm     .   (gloves unavailable)
MR       ++...                  (boots unavailable)
Stlth    +.........             (no amulet)
HPRegen  0.17/turn              x - +2 ring of evasion
MPRegen  0.12/turn              q - ring of resist corrosion

@: very quick
A: very small, unfitting armour, see invisible, herbivore, speed 3, slow
metabolism 2
a: Heroism, Renounce Religion


You were on level 7 of the Dungeon.
You worshipped Okawaru.
Okawaru was greatly pleased with you.
You were not hungry.

You visited 2 branches of the dungeon, and saw 9 of its levels.
You also visited: Sewer.

You collected 534 gold pieces.
You spent 387 gold pieces at shops.

Inventory:

Hand Weapons
 a - a +4 hand crossbow of velocity (weapon)
 b - a +0 whip of electrocution
 y - a +0 shortbow
 A - a +0 hunting sling
Missiles
 g - 383 stones
 h - 36 bolts (quivered)
 r - 30 poisoned needles
 z - 125 arrows
 C - 28 sling bullets
Armour
 i - a +2 cloak (worn)
 k - a +2 hat of magic resistance (worn)
 B - a +2 robe of resistance (worn)
Jewellery
 q - a ring of resist corrosion (right hand)
 s - an uncursed ring of ice
 x - a +2 ring of evasion (left hand)
Wands
 e - a wand of random effects (50)
 t - a wand of digging (7)
 u - a wand of iceblast (8)
Scrolls
 j - a scroll of fear {!r}
 v - a scroll of identify {!r}
 D - a scroll of magic mapping {!r}
 E - a scroll of enchant armour {!r}
 F - a scroll of remove curse {!r}
Potions
 d - 3 potions of curing {!q}
 f - a potion of resistance {!q, unknown}
 l - a potion of heal wounds {!q}
 m - a potion of haste {!q, unknown}
 n - a potion of lignification {!q, unknown}
 o - a potion of brilliance {!q}
 w - a potion of might {!q}
Comestibles
 c - 5 rations


   Skills:
 - Level 6.2 Fighting
   Level 2.4 Long Blades
 + Level 10.8 Crossbows
 - Level 5.0 Armour
 - Level 8.2 Dodging


You had 9 spell levels left.
You didn't know any spells.

Dungeon Overview and Level Annotations

Branches:
Dungeon (8/15)             Temple (1/1) D:5            Lair (0/6) D:8

Altars:
Cheibriados
Dithmenos
Fedhas
Gozag
Hepliaklqana
Makhleb
Okawaru
Ru
Sif Muna
Trog
Vehumet
Wu Jian
Xom
Yredelemnul
The Shining One
Lugonu

Shops:
D:6 *

Annotations:
D:7 1 transporter


Innate Abilities, Weirdness & Mutations

You are very small and have problems with some larger weapons.
You are too small for most types of armour.
You have supernaturally acute eyesight. (SInv)
You are a herbivore.
You cover ground extremely quickly.
You need to consume almost no food.


Message History

You shoot a bolt. The bolt hits the polar bear.
The polar bear is almost dead.
The polar bear completely misses you.
The polar bear claws you but does no damage.
The polar bear misses you.
Trog sends monsters to punish you. 2 polar bears, a black bear and 2 two-headed ogres come into view.
Firing (i - inventory. (/) - cycle)
h - 39 bolts (quivered)
Press: ? - help, Shift-Dir - straight line, f/p - polar bear
Aim: a polar bear (almost dead, berserk, fast, unusually strong, durably summoned)
You shoot a bolt. The bolt hits the polar bear!
You kill the polar bear!
That felt strangely unrewarding.
Firing (i - inventory. (/) - cycle)
h - 38 bolts (quivered)
Press: ? - help, Shift-Dir - straight line, f - two-headed ogre
Aim: a two-headed ogre, wielding two giant clubs (berserk, fast, unusually strong, durably summoned)
You shoot a bolt. The bolt hits the two-headed ogre.
The two-headed ogre is lightly wounded.
The black bear completely misses you.
The black bear claws you but does no damage.
The black bear claws you.
The two-headed ogre completely misses you. x2
The polar bear bites you. The polar bear misses you. x2
Firing (i - inventory. (/) - cycle)
h - 37 bolts (quivered)
Press: ? - help, Shift-Dir - straight line, f/p - two-headed ogre
Aim: a two-headed ogre, wielding two giant clubs (lightly wounded, berserk, fast, unusually strong, durably summoned)
You shoot a bolt.
The bolt barely misses the two-headed ogre.
The polar bear completely misses you. The polar bear misses you. x2
The black bear barely misses you. The black bear misses you.
The black bear completely misses you. The polar bear completely misses you.
The polar bear barely misses you. The polar bear claws you.
The two-headed ogre misses you. x3
The two-headed ogre hits you with a dire flail!
The polar bear misses you. x2; The polar bear completely misses you.
The black bear completely misses you. x2; The black bear misses you.
The polar bear misses you. x2; The polar bear barely misses you.
Unknown command.
Really read
p - a scroll labeled ITOSKUTSOQ {!r}?
As you read the scroll labeled ITOSKUTSOQ {!r}, it crumbles to dust.
It is a scroll of amnesia.
You feel forgetful for a moment. The two-headed ogre misses you.
The two-headed ogre closely misses you. The polar bear closely misses you.
The polar bear claws you.
The polar bear claws you but does no damage.
The black bear barely misses you. The black bear completely misses you.
The black bear misses you. The polar bear misses you.
The polar bear completely misses you. x2; The two-headed ogre misses you.
The two-headed ogre hits you with a dire flail!!
* * * LOW HITPOINT WARNING * * *
Really quaff
l - 2 viscous dark potions {!q}?
It was a potion of heal wounds {!q}.
You feel much better.
The two-headed ogre completely misses you.
The two-headed ogre barely misses you. The polar bear closely misses you.
The polar bear barely misses you. x2; The polar bear completely misses you.
The polar bear misses you.
The polar bear claws you but does no damage.
The black bear bites you. The black bear completely misses you.
The black bear claws you.
The two-headed ogre completely misses you.
The two-headed ogre hits you with a dire flail!
* * * LOW HITPOINT WARNING * * *
The polar bear bites you!!
You die...

#########
#O@h....#
####hhO....#
#.##.O..>..#
#..'.(.....#
####.(.....##
#..........#
#...(......#
###.(...)..#
#.(.....##


You could see 2 two-headed ogres, 2 polar bears, a black bear (berserk) and an
ogre.

Vanquished Creatures
  2 two-headed ogres (D:8)
  Pikel (D:5)
  The ghost of Soeti the Insei, a novice OpTm of Cheibriados (D:7)
  A komodo dragon (D:8)
  4 polar bears
  A hippogriff (D:8)
  Purgy (D:5)
  A necrophage (D:7)
  3 black bears
  A sky beast (D:6)
  2 ogres (D:8)
  3 phantoms
  6 centaurs
  3 bullfrogs
  2 howler monkeys (D:7)
  A crimson imp (D:6)
  A quasit (D:4)
  4 hounds
  3 orc priests
  6 orc wizards
  An iguana (D:5)
  6 worker ants
  2 hound skeletons
  A worker ant zombie (D:7)
  14 gnolls
  A howler monkey skeleton (D:8)
  16 adders
  2 shadow imps
  An ooze (D:2)
  2 worms
  4 dart slugs
  6 leopard geckos
  14 orcs
  5 ball pythons
  11 giant cockroaches
  5 goblins
  7 hobgoblins
  13 jackals
  5 quokkas
  9 bats
  6 frilled lizards
  A jackal skeleton (D:6)
  A jackal zombie (D:6)
  10 kobolds
  9 rats
  A bush (D:8)
  2 plants (D:6)
202 creatures vanquished.

Vanquished Creatures (others)
  A slave (D:5)
  4 plants (D:8)
5 creatures vanquished.

Grand Total: 207 creatures vanquished

Notes
Turn   | Place    | Note
-------+----------+-------------------------------------------
     0 | D:1      | Amnesiac the Spriggan Berserker began the quest for the Orb.
     0 | D:1      | Reached XP level 1. HP: 11/11 MP: 2/2
   133 | D:1      | Reached XP level 2. HP: 13/16 MP: 3/3
   498 | D:1      | Reached ** piety under Trog
   536 | D:1      | Reached skill level 1 in Armour
   741 | D:2      | Reached XP level 3. HP: 16/19 MP: 4/4
  1154 | D:2      | Reached skill level 5 in Dodging
  1433 | D:3      | Reached XP level 4. HP: 16/24 MP: 5/5
  1732 | D:3      | Found a sacrificial altar of Ru.
  1732 | D:3      | Found a shadowy altar of Dithmenos.
  1871 | D:2      | Found a shimmering altar of Xom.
  1872 | D:2      | Found a hazy altar of Hepliaklqana.
  1872 | D:2      | Noticed an unseen horror
  1873 | D:2      | Noticed a spectral ugly thing
  1873 | D:2      | Noticed an unseen horror
  1958 | D:2      | Found a snail-covered altar of Cheibriados.
  2119 | D:3      | Reached XP level 5. HP: 19/28 MP: 6/6
  2800 | D:3      | Reached *** piety under Trog
  3231 | D:4      | Noticed a phantom
  3557 | D:4      | Reached XP level 6. HP: 33/33 MP: 7/7
  4326 | D:4      | Reached XP level 7. HP: 24/38 MP: 8/8
  4752 | D:5      | Entered Level 5 of the Dungeon
  4766 | D:4      | Reached skill level 5 in Fighting
  4942 | D:5      | Found a staircase to the Ecumenical Temple.
  4949 | Temple   | Entered the Ecumenical Temple
  4967 | Temple   | Fell from the grace of Trog
  4967 | Temple   | Became a worshipper of Warmaster Okawaru
  4996 | D:5      | Got a smoking robe
  5007 | D:5      | Identified the cursed +0 robe of Baldness {Stlth+} (You found it on level 5 of the Dungeon)
  5178 | D:5      | Found a glowing drain.
  5218 | Sewer    | Entered a sewer
  5284 | Sewer    | Noticed Purgy
  6141 | D:5      | Noticed Pikel
  6276 | D:5      | Killed Pikel
  6276 | D:5      | Reached * piety under Okawaru
  6276 | D:5      | Reached ** piety under Okawaru
  6276 | D:5      | Reached XP level 8. HP: 35/44 MP: 9/9
  6374 | D:5      | Killed Purgy
  6961 | D:6      | Reached skill level 5 in Armour
  6984 | D:6      | Found Plog's Assorted Antiques.
  6992 | D:6      | Bought a runed hand crossbow for 201 gold pieces
  6992 | D:6      | Bought a scroll labeled TIUXES NIMETE for 31 gold pieces
  7275 | D:6      | Reached skill level 2 in Crossbows
  7303 | D:6      | Found a glowing golden altar of the Shining One.
  7303 | D:6      | Found an ornate altar of the Wu Jian Council.
  7429 | D:6      | Reached skill level 3 in Crossbows
  7518 | D:6      | Reached skill level 4 in Crossbows
  7557 | D:6      | Noticed a polar bear
  7557 | D:6      | Noticed a polar bear
  7840 | D:6      | Killed a polar bear
  7876 | D:6      | Killed a polar bear
  7997 | D:7      | Reached XP level 9. HP: 48/48 MP: 10/10
  8006 | D:7      | Reached skill level 5 in Crossbows
  8015 | D:7      | Reached *** piety under Okawaru
  8093 | D:7      | Noticed Soeti's ghost (novice OpTm)
  8153 | D:7      | Killed Soeti's ghost
  8153 | D:7      | Reached skill level 7 in Crossbows
  8240 | D:7      | Found a radiant altar of Vehumet.
  8354 | D:7      | Found a corrupted altar of Lugonu.
  8355 | D:7      | Found the +27 Lear's hauberk
  8451 | D:7      | Found a transporter.
  8476 | D:7      | Reached **** piety under Okawaru
  8875 | D:8      | Reached skill level 8 in Crossbows
  8901 | D:8      | Paralysed by Trog for 5 turns
  8992 | D:8      | Found a staircase to the Lair.
  8993 | D:8      | Noticed a komodo dragon
  9189 | D:8      | Reached skill level 9 in Crossbows
  9259 | D:8      | Noticed a two-headed ogre
  9299 | D:8      | Killed a two-headed ogre
  9299 | D:8      | Received a gift from Okawaru
  9299 | D:8      | Reached XP level 10. HP: 36/53 MP: 11/11
  9476 | D:8      | Noticed a two-headed ogre
  9489 | D:8      | Killed a two-headed ogre
  9489 | D:8      | Reached skill level 10 in Crossbows
  9703 | D:6      | Bought a dented beryl amulet for 155 gold pieces
 10018 | D:7      | Noticed a two-headed ogre
 10018 | D:7      | Noticed a two-headed ogre
 10022 | D:7      | Slain by a polar bear

Vault maps used:
D:1:      dpeg_arrival_leaves_temple_mockup, minmay_pentomino_o2
D:2:      regret_index_temple_of_mockery, lemuel_crystal_altar
D:3:      gammafunk_temple_overflow_elements
D:4:      first_ration
D:5:      minmay_temple_entry_junction, portal_sewer_entry_f, st_stairs_13,
          grunt_ministairs_14, uniq_pikel
D:6:      gammafunk_temple_overflow_pools, serial_shops, shop, serial_bayou,
          serial_bayou_pond_d, serial_bayou_lagoon_a, serial_bayou_pond_e,
          serial_bayou_pond_d
D:7:      gammafunk_corrupted_shrine, lemuel_doored_altar
D:8:      david_lair_shrubbed, kb_lookout_dungeons_type
Temple:   eino_temple_water
Sewer:    sewer_big_baddie

Skill      XL: |  1  2  3  4  5  6  7  8  9 10 |
---------------+-------------------------------+-----
Armour         | 1 2 3 4 5 |  5.0
Fighting       | 3 4 6 |  6.2
Dodging        | 5 6 8 |  8.2
Crossbows      | 4 9 10 | 10.8
Long Blades    | |  2.4

Action                   |  1- 3 |  4- 6 |  7- 9 | 10-12 || total
-------------------------+-------+-------+-------+-------++-------
Melee: Falchion          |   116 |   114 |    47 |       ||   277
       Whip              |       |       |   104 |       ||   104
 Fire: Hunting sling     |       |   132 |   211 |       ||   343
       Hand crossbow     |       |       |   171 |    50 ||   221
Invok: Berserk           |       |     3 |     3 |       ||     6
       Heroism           |       |       |     1 |       ||     1
Evoke: Wand              |       |       |     2 |       ||     2
  Use: Scroll            |       |       |    15 |     1 ||    16
       Potion            |       |       |     2 |     1 ||     3
 Stab: Sleeping          |     1 |       |     1 |       ||     2
  Eat: Ration            |       |     3 |     3 |     2 ||     8
Armor: Animal skin       |    14 |    16 |     3 |       ||    33
       Robe              |       |       |    50 |     5 ||    55
Dodge: Dodged            |   116 |   202 |   414 |    54 ||   786
       Rpst.: Falchion   |    32 |    40 |    18 |       ||    90

Table legend:
 A = Spawn XP
 B = Non-spawn XP
 C = Spawn XP percentage of total XP
 D = Spawn monster count
 E = Non-spawn monster count
 F = Spawn count percentage of total count
 G = Total turns spent on level
                    A         B        C        D         E        F      G
               +---------+---------+-------+---------+---------+-------+---------
         Total |       0 |    7310 |   0.0 |       0 |     193 |   0.0 | 10022
               +---------+---------+-------+---------+---------+-------+---------
           D:1 |       0 |      38 |   0.0 |       0 |      24 |   0.0 |   752
           D:2 |       0 |     116 |   0.0 |       0 |      18 |   0.0 |  1199
           D:3 |       0 |     184 |   0.0 |       0 |      32 |   0.0 |  1727
           D:4 |       0 |     794 |   0.0 |       0 |      29 |   0.0 |  1207
           D:5 |       0 |     971 |   0.0 |       0 |      22 |   0.0 |  1584
           D:6 |       0 |     648 |   0.0 |       0 |      20 |   0.0 |  1236
           D:7 |       0 |    1440 |   0.0 |       0 |      27 |   0.0 |  1088
           D:8 |       0 |    3109 |   0.0 |       0 |      15 |   0.0 |   841
        Temple |       0 |       3 |   0.0 |       0 |       1 |   0.0 |    40
         Sewer |       0 |       7 |   0.0 |       0 |       5 |   0.0 |   348
               +---------+---------+-------+---------+---------+-------+---------
